 Dungeon Crawl Stone Soup version 0.29.0-4-gdea44cf6ec (webtiles) character file.

Game seed: 8821342856479275272

9 qw the Sneak (level 2, -1/19 HPs)
             Began as a Gargoyle Delver on Sept 10, 2022.
             Slain by a gnoll
             ... wielding a +0 club
              (6 damage)
             ... on level 5 of the Dungeon.
             The game lasted 00:00:03 (338 turns).

qw the Sneak (Gargoyle Delver)                       Turns: 338, Time: 00:00:04

Health: -1/19      AC:  5    Str: 15    XL:     2   Next: 12%
Magic:  2/2        EV: 11    Int: 10    God:
Gold:   0          SH:  0    Dex: 11    Spells: 1/1 levels left

rFire   . . .      SeeInvis .   a - +0 hand axe
rCold   . . .      Faith    .   (no shield)
rNeg    + . .      Spirit   .   b - +0 leather armour
rPois   inf        Reflect  .   (no helmet)
rElec   +          Harm     .   (no cloak)
rCorr   .          Rampage  .   (no gloves)
Will    .....                   (no boots)
Stlth   +++.......              (no amulet)
HPRegen 0.06/turn               (no ring)
MPRegen 0.08/turn               (no ring)

@: no status effects
A: sickness immunity, AC +2, negative energy resistance 1, electricity
resistance, torment resistance 1, petrification resistance
a: no special abilities


You were on level 5 of the Dungeon.
You visited 1 branch of the dungeon, and saw 1 of its levels.


Innate Abilities, Weirdness & Mutations

You are immune to sickness and miasma.
Your stone body is resilient. (AC +2)
You are immune to poison.
You resist negative energy. (rN+)
You are resistant to electric shocks. (rElec)
You are resistant to unholy torment.
You are immune to petrification.


   Skills:
 - Level 3.2 Fighting
 + Level 2.5 Axes
 - Level 1.5 Dodging
 - Level 5.4 Stealth


You had one spell level left.
You didn't know any spells.
Your spell library was empty.

Inventory:

Hand Weapons
 a - a +0 hand axe (weapon)
Armour
 b - a +0 leather armour (worn)
Wands
 g - a wand of digging (3)
Scrolls
 c - a scroll of fog
 d - a scroll of magic mapping
 e - a scroll of fear
Potions
 f - a potion of haste

Dungeon Overview and Level Annotations

Branches:
Dungeon (5/15)
 Temple: D:4-7

Altars:


Message History

You hit the adder.
The adder is severely wounded.
The adder barely misses you. The adder bites you.
You barely miss the adder.
The adder is severely wounded.
The adder barely misses you.
You closely miss the adder.
The adder is severely wounded.
The adder bites you but does no damage. The adder closely misses you.
You slash the adder!
You kill the adder!
Your Axes skill increases to level 2!
You have reached level 2!
You start resting.
HP restored.
A gnoll comes into view. It is wielding a +0 whip.
323 ||| Stepping ~*~*~tactically~*~*~ (stealth).
A gnoll comes into view. It is wielding a +0 club.
A gnoll comes into view. It is wielding a +0 whip.
The gnoll moves out of view.
324 ||| Stepping ~*~*~tactically~*~*~ (stealth).
325 ||| Stepping ~*~*~tactically~*~*~ (stealth).
The gnoll shouts!
You hear a shout!
You hit the gnoll but do no damage.
A gnoll comes into view. It is wielding a +0 halberd.
The gnoll closely misses you. The gnoll hits you with a +0 whip.
334 ||| Stepping ~*~*~tactically~*~*~ (stealth).
The gnoll attacks as you move away! The gnoll hits you with a +0 whip!
The gnoll shouts!
You hit the gnoll but do no damage.
You hear a shout! x2
The gnoll hits you but does no damage.
You barely miss the gnoll. The gnoll barely misses you.
You hit the gnoll but do no damage. The gnoll completely misses you.
You hit the gnoll.
The gnoll is heavily wounded.
You hit the gnoll but do no damage. The gnoll hits you with a +0 whip.
The gnoll hits you with a +0 club.
You die...

.....# ..#.# #.
.... # .##
..####.#
....##....#.###
#
...g....#......
#. #. #....# #
...##.##g#g##.#
#......).@....#
.###.#.##.####
..##......#
#.####.####
#.####.###
####.##.....#
#...........#
#.##.##.....#
#.##.##.....#


You could see 2 gnolls.

Vanquished Creatures
  An adder (D:5)
1 creature vanquished.

Notes
Turn   | Place    | Note
-------+----------+-------------------------------------------
     0 | D:5      | qw the Gargoyle Delver began the quest for the Orb.
     0 | D:5      | Reached XP level 1. HP: 14/14 MP: 1/1
     0 | D:5      | 0 ||| qw: Version: 0.1-a-117-gfe26ee0
     0 | D:5      | 0 ||| qw: Game counter: 9652
     0 | D:5      | 0 ||| qw: Always use a shield: true
     0 | D:5      | 0 ||| qw: God list: Okawaru
     0 | D:5      | 0 ||| qw: Allow faded altars: false
     0 | D:5      | 0 ||| qw: Do Orc after D:15 true
     0 | D:5      | 0 ||| qw: Do second Lair branch before Depths: true
     0 | D:5      | 0 ||| qw: Lair rune preference: random
     0 | D:5      | 0 ||| qw: Plans: Normal
     0 | D:5      | 0 ||| PLANNING D:1-11
    20 | D:5      | HP: 3/14 [adder (1)]
    23 | D:5      | HP: 1/14 [adder (2)]
    27 | D:5      | Reached XP level 2. HP: 1/19 MP: 2/2
   323 | D:5      | 323 ||| Stepping ~*~*~tactically~*~*~ (stealth).
   324 | D:5      | 324 ||| Stepping ~*~*~tactically~*~*~ (stealth).
   325 | D:5      | 325 ||| Stepping ~*~*~tactically~*~*~ (stealth).
   334 | D:5      | 334 ||| Stepping ~*~*~tactically~*~*~ (stealth).
   338 | D:5      | Slain by a gnoll

Levels and vault maps discovered:
D:5:      layout_loops_cross, nicolae_shop_self_help

Skill      XL: |  1 |
---------------+----+-----
Axes           | 2 |  2.5
Fighting       | |  3.2
Dodging        | |  1.5
Stealth        | |  5.4

Action                   || total
-------------------------++-------
Melee: Hand axe          ||    18
Armor: Leather armour    ||     5
Dodge: Dodged            ||    12

Table legend:
 A = Non-vault XP
 B = Vault XP
 C = Vault XP percentage of total XP
 D = Non-vault monster count
 E = Vault monster count
 F = Vault count percentage of total count
                 A         B        C        D         E       F
            +---------+---------+-------+---------+---------+-------
      Total |      13 |       0 |   0.0 |       1 |       0 |   0.0
            +---------+---------+-------+---------+---------+-------
        D:5 |      13 |       0 |   0.0 |       1 |       0 |   0.0
            +---------+---------+-------+---------+---------+-------
